 Dungeon Crawl Stone Soup version 0.31-a0-252-gc4385922b5 (webtiles) character file.

Game seed: 7082576544067774454

135 qw the Shooter (level 4, 0/29 (37) HPs)
             Began as a Minotaur Hexslinger on July 12, 2023.
             Slain by a wight
             ... wielding a +0 spear
              (4 damage)
             ... on level 3 of the Dungeon.
             The game lasted 00:00:47 (2038 turns).

qw the Shooter (Minotaur Hexslinger)                Turns: 2038, Time: 00:00:47

HP:   0/29 (37)     AC:  8    Str: 12    XL:     4   Next: 97%
MP:   4/4           EV: 12    Int: 10    God:
Gold: 149           SH:  0    Dex: 15    Spells: 4/5 levels left

rFire   + . .        Y - +1 sling
rCold   + . .        (no shield)
rNeg    . . .        f - +0 leather armour
rPois   .            (helmet restricted)
rElec   .            i - scarf {rC+ rF+}
rCorr   .            a - +0 pair of gloves
SInv    .            (no boots)
Will    .....        (no amulet)
Stlth   +            b - +4 ring of protection
HPRegen 0.24/turn    (no ring)
MPRegen 0.09/turn

%: no passive effects
@: heavily drained
A: horns 2, retaliatory headbutt
a: no special abilities


You were on level 3 of the Dungeon.
You visited 1 branch of the dungeon, and saw 3 of its levels.

You collected 149 gold pieces.


Innate Abilities, Weirdness & Mutations

You have a pair of horns on your head.
You reflexively headbutt those who attack you in melee.


   Skills:
 + Level 2.6 Fighting
 - Level 5.2 Ranged Weapons
 - Level 2.1 Dodging
 - Level 1.0 Spellcasting
 - Level 2.0 Hexes


You had 4 spell levels left.
You knew the following spells:

 Your Spells              Type           Power      Damage    Failure   Level
a - Slow                  Hex            16%        N/A       19%         1

Your spell library contained the following spells:

 Spells                   Type           Power      Damage    Failure   Level
 Inner Flame              Hex/Fire       2%         N/A       65%         3
 Portal Projectile        Hex/Tloc       4%         N/A       65%         3
 Cause Fear               Hex            2%         N/A       88%         4

Inventory:

Hand Weapons
 Y - a +1 sling (weapon)
Armour
 a - a +0 pair of gloves (worn)
 f - a +0 leather armour (worn)
 i - a scarf of resistance (worn)
 j - a +0 ring mail
Jewellery
 b - a +4 ring of protection (left hand)
Scrolls
 g - a scroll of revelation {unknown}
 k - a scroll of identify {unknown}
 l - a scroll of teleportation {unknown}
 n - a scroll of torment {unknown}
Potions
 c - a potion of invisibility {unknown}
 d - a potion of resistance {unknown}
 e - a potion of degeneration {unknown}
 h - 2 potions of enlightenment
 m - a potion of might {unknown}

Dungeon Overview and Level Annotations

Branches:
Dungeon (3/15)

Altars:
Vehumet

Shops:
D:1 =


Message History

You shoot a sling bullet. The sling bullet hits the wight.
The wight is heavily damaged.
The wight hits you from afar with a +0 spear!
You feel drained.
You shoot a sling bullet.
The sling bullet closely misses the wight.
The wight closely misses you.
You shoot a sling bullet.
The sling bullet hits the wight but does no damage.
The wight is heavily damaged.
The wight hits you from afar with a +0 spear.
You feel drained.
The wight hits you from afar with a +0 spear.
You shoot a sling bullet.
The sling bullet hits the wight but does no damage.
The wight is heavily damaged.
The wight hits you but does no damage.
You shoot a sling bullet.
The sling bullet closely misses the wight.
The wight hits you but does no damage.
You shoot a sling bullet.
The sling bullet barely misses the wight.
The wight barely misses you.
You shoot a sling bullet.
The sling bullet hits the wight but does no damage.
The wight is heavily damaged.
The wight hits you from afar with a +0 spear.
You feel drained.
You shoot a sling bullet.
The sling bullet hits the wight but does no damage.
The wight is heavily damaged.
The wight hits you from afar with a +0 spear.
You feel drained.
You shoot a sling bullet.
The sling bullet barely misses the wight.
The wight barely misses you.
You shoot a sling bullet.
The sling bullet closely misses the wight.
The wight hits you from afar with a +0 spear.
You die...

#..####.####.#
.#............##.#
###.#.##########.#
# #.#.# #.# #
#.#.# #.# ###.#.#
#.# ......#
###.#######
###.###
#....zz.... ....#
#####.#@# #####
#.......#
.#########.###.###
......... #>#
.######## #.# ##
###.# #...# #.###
#.#


You could see 2 wights.

Vanquished Creatures
  An orc priest (D:3)
  Robin (D:2)
  2 adders
  A worm (D:3)
  3 dart slugs
  4 orcs (D:3)
  2 ball pythons (D:1)
  7 endoplasms
  2 giant cockroaches (D:1)
  12 goblins
  5 hobgoblins (D:2)
  5 kobolds
  4 quokkas
  7 bats
  3 frilled lizards
  2 rats (D:2)
61 creatures vanquished.

Notes
Turn   | Place    | Note
-------+----------+-------------------------------------------
     0 | D:1      | qw the Minotaur Hexslinger began the quest for the Orb.
     0 | D:1      | Reached XP level 1. HP: 16/16 MP: 1/1
     0 | D:1      | 0 ||| qw: Version: 0.3-a-52-g30416fa
     0 | D:1      | 0 ||| qw: Game counter: 6603
     0 | D:1      | 0 ||| qw: Melee chars always use a shield: true
     0 | D:1      | 0 ||| qw: God list: Okawaru
     0 | D:1      | 0 ||| qw: Allow faded altars: false
     0 | D:1      | 0 ||| qw: Do Orc after clearing Dungeon:15 true
     0 | D:1      | 0 ||| qw: Do second Lair branch before Depths: true
     0 | D:1      | 0 ||| qw: Lair rune preference: random
     0 | D:1      | 0 ||| qw: Goals: Normal
     0 | D:1      | 0 ||| PLANNING D:1-11
    72 | D:1      | Found Pilaapp Ucwu's Jewellery Boutique.
    86 | D:1      | 86 ||| SHOPLISTING amulet of Tyso {Spirit Drain rElec
                  | Will++ MP+9} (998 gold, have 8).
    86 | D:1      | 86 ||| SHOPLISTING amulet of the acrobat (420 gold, have
                  | 8).
    86 | D:1      | 86 ||| SHOPLISTING ring of poison resistance (280 gold,
                  | have 8).
    86 | D:1      | 86 ||| SHOPLISTING ring of protection from cold (350 gold,
                  | have 8).
    86 | D:1      | 86 ||| SHOPLISTING ring of protection from fire (350 gold,
                  | have 8).
    86 | D:1      | 86 ||| SHOPLISTING ring of willpower (350 gold, have 8).
   126 | D:1      | Reached skill level 3 in Ranged Weapons
   148 | D:1      | Reached XP level 2. HP: 23/23 MP: 2/2
   641 | D:1      | 641 ||| UPGRADING to +0 leather armour.
   651 | D:1      | 651 ||| DROPPING +0 robe.
   652 | D:1      | 652 ||| UPGRADING to scarf of resistance.
   657 | D:1      | 657 ||| DROPPING ring of magical power.
   658 | D:1      | 658 ||| READING scroll labelled BEKLYG JOYNGA.
   659 | D:1      | 659 ||| DROPPING scroll of poison.
   715 | D:2      | Reached XP level 3. HP: 26/29 MP: 3/3
   896 | D:2      | Found a faded altar of an unknown god.
  1007 | D:2      | Found a radiant altar of Vehumet.
  1020 | D:2      | Reached skill level 4 in Ranged Weapons
  1098 | D:2      | Noticed Robin
  1112 | D:2      | Killed Robin
  1113 | D:2      | Reached XP level 4. HP: 29/36 MP: 4/4
  1407 | D:2      | 1407 ||| UPGRADING to +0 pair of gloves.
  1412 | D:2      | 1412 ||| UPGRADING to +4 ring of protection.
  1413 | D:2      | 1413 ||| DRINKING 3 smoky golden potions.
  1469 | D:3      | 1469 ||| FLEEEEING.
  1591 | D:3      | Reached skill level 5 in Ranged Weapons
  2036 | D:3      | HP: 5/30 [wight/+0 spear (6)]
  2038 | D:3      | Slain by a wight

Levels and vault maps discovered:
D:1:      dpeg_arrival_pond, layout_basic, serial_glass, glass_columns_a,
          glass_columns_c, glass_columns_a, glass_columns_b, glass_columns_a,
          glass_columns_b, serial_shops, nicolae_diamond_shop,
          minmay_misc_feat_columns
D:2:      layout_loops_ring, ebering_ecumenical_altar_webs, basic_altar,
          uniq_robin
D:3:      layout_loops_ring

Skill      XL: |  1  2  3  4 |
---------------+-------------+-----
Ranged Weapons | 3 4 5 |  5.2
Fighting       | 2 |  2.6
Dodging        | |  2.1
Spellcasting   | |  1.0
Hexes          | |  2.0

Action                     |  1- 3 |  4- 6 || total
---------------------------+-------+-------++-------
   Fire: Sling             |    98 |    87 ||   185
    Use: Scroll            |     1 |       ||     1
         Potion            |       |     1 ||     1
 Armour: Robe              |     1 |       ||     1
         Leather armour    |     4 |    12 ||    16
  Dodge: Dodged            |    19 |    27 ||    46

Table legend:
 A = Non-vault XP
 B = Vault XP
 C = Vault XP percentage of total XP
 D = Non-vault monster count
 E = Vault monster count
 F = Vault count percentage of total count
                 A         B        C        D         E       F
            +---------+---------+-------+---------+---------+-------
      Total |     162 |      32 |  16.5 |      50 |      11 |  18.0
            +---------+---------+-------+---------+---------+-------
        D:1 |      29 |       0 |   0.0 |      15 |       0 |   0.0
        D:2 |      45 |      32 |  41.6 |      18 |      11 |  37.9
        D:3 |      88 |       0 |   0.0 |      17 |       0 |   0.0
            +---------+---------+-------+---------+---------+-------
